 Dungeon Crawl Stone Soup version 0.28-a0-1199-gef9e1dbd39 (webtiles) character file.

Game seed: 8273440832010066283

163 HessuHobo the Chopper (level 5, -11/47 HPs)
             Began as a Minotaur Berserker on Dec 19, 2021.
             Was a Believer of Trog.
             Killed by divine providence
             ... invoked by an orc priest
              (17 damage)
             ... on level 3 of the Dungeon.
             The game lasted 00:01:32 (2447 turns).

HessuHobo the Chopper (Minotaur Berserker)          Turns: 2447, Time: 00:01:33

Health: -11/47     AC:  2    Str: 24    XL:     5   Next: 20%
Magic:  4/4        EV: 12    Int:  4    God:    Trog [**....]
Gold:   100        SH:  0    Dex:  9    Spells: 4/4 levels left

rFire   . . .      SeeInvis .   a - +0 hand axe
rCold   . . .      Faith    .   (no shield)
rNeg    . . .      Spirit   .   b - +0 animal skin
rPois   .          Reflect  .   (helmet restricted)
rElec   .          Harm     .   (no cloak)
rCorr   .          Rampage  .   (no gloves)
Will    .....                   (no boots)
Stlth   +.........              (no amulet)
HPRegen 0.15/turn               (no ring)
MPRegen 0.09/turn               (no ring)

@: no status effects
A: horns 2, retaliatory headbutt
a: Renounce Religion, Berserk, Trog's Hand


You were on level 3 of the Dungeon.
You worshipped Trog.
Trog was pleased with you.
You visited 1 branch of the dungeon, and saw 3 of its levels.

You collected 100 gold pieces.

Inventory:

Hand Weapons
 a - a +0 hand axe (weapon)
Missiles
 i - a throwing net (quivered)
Armour
 b - a +0 animal skin (worn)
Jewellery
 c - a ring of protection from fire
 g - a ring of resist corrosion
Scrolls
 f - a scroll of identify {unknown}
Potions
 d - a potion of degeneration {unknown}
 e - a potion of haste {unknown}
 h - 2 potions of curing {unknown}
 j - a potion of lignification {unknown}


   Skills:
 + Level 4.7 Fighting
 * Level 5.7 Axes
 + Level 3.8 Armour
 - Level 2.1 Dodging


You had 4 spell levels left.
You didn't know any spells.
Your spell library was empty.

Dungeon Overview and Level Annotations

Branches:
Dungeon (2/15)

Altars:

Annotations:
D:3 Grinder


Innate Abilities, Weirdness & Mutations

You have a pair of horns on your head.
You reflexively headbutt those who attack you in melee.


Message History

The orc priest is moderately wounded.
The orc priest hits you with a +0 short sword.
You barely miss the orc priest. Your headbutt misses the orc priest.
The orc priest is moderately wounded.
The orc priest hits you with a +0 short sword.
You hit the orc priest.
The orc priest is heavily wounded.
The orc priest looks encouraged for a moment.
You hit the orc priest. You headbutt the orc priest.
The orc priest is almost dead.
The orc priest invokes the aid of Beogh against you.
Pain shoots through your body!
You closely miss the orc priest.
The orc priest is almost dead.
The orc priest mumbles some strange prayers to Beogh against you.
Pain shoots through your body!
You slash the orc priest!
You kill the orc priest!
Trog accepts your kill.
You have reached level 5!
You start resting.
An endoplasm comes into view.
An endoplasm is nearby!
An orc comes into view. It is wielding a +0 hand axe.
You see here a +0 flail.
An orc priest comes into view. It is wielding a +0 hand axe.
The orc shouts!
The orc priest shouts!
You hear a shout!
The orc priest looks encouraged for a moment.
Found a war axe.
Grinder comes into view.
Grinder shouts!
You hear a shout!
The orc priest invokes the aid of Beogh against you.
Beogh smites you!
* * * LOW HITPOINT WARNING * * *
The orc priest calls down the wrath of Beogh upon you.
You barely resist.
The orc priest begins to cast a cantrip, but forgets the words!
The orc priest mumbles some strange prayers to Beogh against you.
Beogh smites you!
You die...

# #.. ..... ##. .....#......###
... #.##.##........
..#+#.##......#....
#....##.##.#.#....
#....##.##.#.#.#.#
#....##.##^#.#...)
########+#.##o##.#)#.#.#
########......@.....o.†...)...#
#.....##.############5###)#####
#..<..##.# #.# #.o..o≈
#.....'..# #.# #.###≈≈
#.....##.# #.# #.# ≈
#.....##.####### ##o###.#####
#####........... #..5........
####.######. #.####.#.)## #.#
#. #......


You could see Grinder, an orc priest and an orc.

Vanquished Creatures
  An orc priest (D:3)
  Robin (D:2)
  3 adders (D:2)
  3 gnolls
  A worm (D:2)
  2 dart slugs
  3 orcs (D:3)
  3 bats
  4 endoplasms
  A giant cockroach (D:2)
  10 goblins
  8 hobgoblins
  3 jackals (D:1)
  2 kobolds (D:2)
  A quokka (D:3)
  3 ball pythons (D:1)
  2 frilled lizards (D:1)
  6 rats
57 creatures vanquished.

Notes
Turn   | Place    | Note
-------+----------+-------------------------------------------
     0 | D:1      | HessuHobo the Minotaur Berserker began the quest for the
                  | Orb.
     0 | D:1      | Reached XP level 1. HP: 19/19 MP: 0/0
   157 | D:1      | Reached skill level 4 in Axes
   161 | D:1      | Reached XP level 2. HP: 27/27 MP: 1/1
   689 | D:1      | Reached ** piety under Trog
   926 | D:2      | Reached XP level 3. HP: 33/33 MP: 2/2
  1309 | D:2      | Reached skill level 5 in Axes
  1309 | D:2      | Reached XP level 4. HP: 26/41 MP: 3/3
  1545 | D:2      | Noticed Robin
  1566 | D:2      | Killed Robin
  2346 | D:2      | You fall into a shaft and drop 1 floor!
  2420 | D:3      | Reached XP level 5. HP: 15/47 MP: 4/4
  2433 | D:3      | Noticed Grinder
  2447 | D:3      | Killed from afar by an orc priest

Illustrated notes

Levels and vault maps discovered:
D:1:      dpeg_arrival_orchard, layout_basic, minmay_misc_feat_cross,
          wander_ebering_terrifying_dragon_lair
D:2:      layout_loops_ring, basic_ecumenical_altar, uniq_robin
D:3:      layout_basic, chequers_serial_rivers_small_a, uniq_crazy_yiuf_cottage,
          uniq_grinder, uniq_terence

Skill      XL: |  1  2  3 |
---------------+----------+-----
Axes           | 4 5 |  5.7
Fighting       | 4 |  4.7
Armour         | 3 |  3.8
Dodging        | |  2.1

Action                   |  1- 3 |  4- 6 || total
-------------------------+-------+-------++-------
Melee: Hand axe          |    58 |    49 ||   107
       Headbutt          |     8 |     6 ||    14
Invok: Berserk           |       |     1 ||     1
 Stab: Sleeping          |     2 |       ||     2
Armor: Animal skin       |     8 |     4 ||    12
Dodge: Dodged            |    34 |    21 ||    55

Table legend: (Time is in decaauts)
 A = Elapsed time spent in this place.
 B = Non-inter-level travel time spent in this place.
 C = Inter-level travel time spent in this place.
 D = Time resting spent in this place.
 E = Time spent auto-exploring this place.
 F = Levels seen in this place.
 G = Mean time per level.
                   A        B        C        D        E       F      G
               +--------+--------+--------+--------+--------+-----+--------+
         Total |   2458 |   2449 |      9 |   1427 |    738 |   3 |  819.3 |
       Dungeon |   2458 |   2449 |      9 |   1427 |    738 |   3 |  819.3 |
               +--------+--------+--------+--------+--------+-----+--------+

Top non-repeatable levels by time:
     D:2: 1337 daAuts
     D:1: 1020 daAuts
     D:3: 101 daAuts
